TOP OF THE 1ST |
Houston BC batting - Pitching for Sioux Falls Red Pandas : RHP Cris Herrera
|
Pitching: RHP Cris Herrera
|
|
Batting: RHB Kenneth Noid
|
0-0: Ball 1-0: Ball 2-0: Ball 3-0: Called Strike 3-1: Base on Balls
|
Batting: RHB Robby Arnold
|
0-0: Ball 1-0: Ball Kenneth Noid is caught stealing 2nd base 2-0: Called Strike 2-1: Ball 3-1: Fly out, F4 (Line Drive, 4)
|
Batting: RHB Sang Hong-Do
|
0-0: Foul Ball, location: 2F 0-1: Ball 1-1: Ground out 6-3 (Groundball, 6)
|
Top of the 1st over - 0 runs, 0 hits, 0 errors, 0 left on base; Houston 0 - Sioux Falls 0 |
BOTTOM OF THE 1ST |
Sioux Falls Red Pandas batting - Pitching for Houston BC : RHP Nolan Howard
|
Pitching: RHP Nolan Howard
|
|
Batting: LHB Mo-ruo Teoh
|
0-0: Ball 1-0: Ground out 1-3 (Groundball, 13S)
|
Batting: LHB Tim Waters
|
0-0: Ball 1-0: Ball 2-0: Ball 3-0: Called Strike 3-1: Base on Balls
|
Batting: RHB Gary Chalmers
|
0-0: Called Strike 0-1: Swinging Strike 0-2: Foul Ball, location: 2F 0-2: Strikes out swinging
|
Batting: LHB Terrence Eler
|
0-0: Ball 1-0: Ball 2-0: Ball 3-0: Called Strike 3-1: Foul Ball, location: 2F 3-2: 2-RUN HOME RUN (Flyball, 9LD), Distance : 437 ft
|
Batting: LHB Richello Mabait
|
0-0: Ball 1-0: Ball 2-0: Ball 3-0: Base on Balls
|
Batting: LHB Robby Young
|
0-0: Ball 1-0: Swinging Strike 1-1: Foul Ball, location: 2F 1-2: Ball 2-2: Strikes out swinging
|
Bottom of the 1st over - 2 runs, 1 hit, 0 errors, 1 left on base; Houston 0 - Sioux Falls 2 |
TOP OF THE 2ND |
Houston BC batting - Pitching for Sioux Falls Red Pandas : RHP Cris Herrera
|
Batting: LHB Rich Watkins
|
0-0: Ball 1-0: Swinging Strike 1-1: Ball 2-1: Ball 3-1: Called Strike 3-2: Ground out U3 (Groundball, 34)
|
Batting: RHB António López
|
0-0: Called Strike 0-1: Swinging Strike 0-2: Ball 1-2: Ball 2-2: Ball 3-2: Foul Ball, location: 2F 3-2: Base on Balls
|
Batting: RHB Jud Regan
|
0-0: Ball 1-0: Swinging Strike 1-1: Swinging Strike 1-2: Strikes out swinging
|
Batting: RHB Alfredo Mojica
|
0-0: Ball 1-0: Ball 2-0: Called Strike 2-1: Ball 3-1: Fly out, F3 (Popup, 23F)
|
Top of the 2nd over - 0 runs, 0 hits, 0 errors, 1 left on base; Houston 0 - Sioux Falls 2 |
BOTTOM OF THE 2ND |
Sioux Falls Red Pandas batting - Pitching for Houston BC : RHP Nolan Howard
|
Batting: RHB Steve Irwin
|
0-0: Ground out 6-3 (Groundball, 6MS)
|
Batting: SHB Kilipaki Malamapono
|
0-0: Ball 1-0: Reached on error, E3 (Groundball, 3)
|
Batting: RHB Wilfred McLaughlin
|
0-0: Ball 1-0: Called Strike 1-1: Called Strike 1-2: Fly out, F3 (Popup, 34S)
|
Batting: LHB Mo-ruo Teoh
|
0-0: Ball 1-0: Ball 2-0: Foul Ball, location: 2F 2-1: Ball Kilipaki Malamapono is caught stealing 2nd base
|
Bottom of the 2nd over - 0 runs, 0 hits, 1 error, 0 left on base; Houston 0 - Sioux Falls 2 |
TOP OF THE 3RD |
Houston BC batting - Pitching for Sioux Falls Red Pandas : RHP Cris Herrera
|
Batting: RHB Orlando Montejo
|
0-0: Ball 1-0: Ground out 5-3 (Groundball, 56S)
|
Batting: RHB Alba Hidalgo de Jesus
|
0-0: Ball 1-0: Swinging Strike 1-1: Foul Ball, location: 2F 1-2: Strikes out looking
|
Batting: RHB Kenneth Noid
|
0-0: Called Strike 0-1: Ball 1-1: DOUBLE (Flyball, 8LXD)
|
Batting: RHB Robby Arnold
|
0-0: Ball Wild Pitch! Kenneth Noid to third 1-0: Ball 2-0: Ground out 5-3 (Groundball, 56S)
|
Top of the 3rd over - 0 runs, 1 hit, 0 errors, 1 left on base; Houston 0 - Sioux Falls 2 |
BOTTOM OF THE 3RD |
Sioux Falls Red Pandas batting - Pitching for Houston BC : RHP Nolan Howard
|
Batting: LHB Mo-ruo Teoh
|
0-0: SINGLE (Flyball, 8RS)
|
Batting: LHB Tim Waters
|
0-0: Called Strike 0-1: Ball 1-1: Ball 2-1: Grounds into double play, 6-4-3 (Groundball, 6)
|
Batting: RHB Gary Chalmers
|
0-0: Foul Ball, location: 2F 0-1: SINGLE (Groundball, 6MD)
|
Batting: LHB Terrence Eler
|
0-0: Fly out, F7 (Flyball, 7LSF)
|
Bottom of the 3rd over - 0 runs, 2 hits, 0 errors, 1 left on base; Houston 0 - Sioux Falls 2 |
TOP OF THE 4TH |
Houston BC batting - Pitching for Sioux Falls Red Pandas : RHP Cris Herrera
|
Batting: RHB Sang Hong-Do
|
0-0: Ball 1-0: Ball 2-0: Called Strike 2-1: Foul Ball, location: 2F 2-2: Strikes out looking
|
Pitching: RHP José Marroquín
|
|
Batting: LHB Rich Watkins
|
0-0: Ball 1-0: Foul Ball, location: 2F 1-1: SINGLE (Flyball, 7LS)
|
Batting: RHB António López
|
0-0: Ball 1-0: Foul Ball, location: 2F 1-1: Ball 2-1: Called Strike 2-2: Grounds into double play, 5-4-3 (Groundball, 5)
|
Top of the 4th over - 0 runs, 1 hit, 0 errors, 0 left on base; Houston 0 - Sioux Falls 2 |
BOTTOM OF THE 4TH |
Sioux Falls Red Pandas batting - Pitching for Houston BC : RHP Nolan Howard
|
Batting: LHB Richello Mabait
|
0-0: SINGLE (Groundball, 6D)
|
Batting: LHB Robby Young
|
0-0: Called Strike 0-1: Ball 1-1: Foul Ball, location: 2F 1-2: Reached via error on a dropped throw, E1 Richello Mabait to second
|
Batting: RHB Steve Irwin
|
0-0: Foul Ball, location: 2F 0-1: Ball 1-1: Swinging Strike 1-2: Foul Ball, location: 2F 1-2: Foul Ball, location: 2F 1-2: Ball 2-2: SINGLE (Groundball, 6MD) Richello Mabait to third Robby Young to second
|
Batting: SHB Kilipaki Malamapono
|
0-0: Swinging Strike 0-1: Foul Ball, location: 2F 0-2: Ball 1-2: Ball Wild Pitch! Richello Mabait scores Robby Young to third Steve Irwin to second 2-2: Strikes out looking
|
Batting: RHB Wilfred McLaughlin
|
0-0: Ball 1-0: Called Strike 1-1: Ball 2-1: Ball 3-1: Foul Ball, location: 2F 3-2: Foul Ball, location: 2F 3-2: Base on Balls
|
Batting: LHB Mo-ruo Teoh
|
0-0: Swinging Strike 0-1: Ball 1-1: Called Strike 1-2: Strikes out swinging
|
Batting: LHB Tim Waters
|
0-0: Called Strike 0-1: Ball 1-1: Foul Ball, location: 2F 1-2: Ball 2-2: Foul Ball, location: 2F 2-2: Ball 3-2: Fly out, F6 (Popup, 6MS)
|
Bottom of the 4th over - 1 run, 2 hits, 1 error, 3 left on base; Houston 0 - Sioux Falls 3 |
TOP OF THE 5TH |
Houston BC batting - Pitching for Sioux Falls Red Pandas : RHP José Marroquín
|
Batting: RHB Jud Regan
|
0-0: Called Strike 0-1: SINGLE (Line Drive, 8RS)
|
Batting: RHB Alfredo Mojica
|
0-0: Ball 1-0: Ball 2-0: Sac Bunt - play at first, batter OUT! 5-4 Jud Regan to second
|
Batting: RHB Orlando Montejo
|
0-0: Called Strike Jud Regan steals 3rd base 0-1: Foul Ball, location: 2F 0-2: Ball 1-2: Foul Ball, location: 2F 1-2: Ground out 6-3 (Groundball, 56) Jud Regan scores
|
Batting: RHB Alba Hidalgo de Jesus
|
0-0: Ball 1-0: Foul Ball, location: 2F 1-1: Foul Ball, location: 2F 1-2: Ball 2-2: Ball 3-2: Foul Ball, location: 2F 3-2: Ground out 5-3 (Groundball, 56)
|
Top of the 5th over - 1 run, 1 hit, 0 errors, 0 left on base; Houston 1 - Sioux Falls 3 |
BOTTOM OF THE 5TH |
Sioux Falls Red Pandas batting - Pitching for Houston BC : RHP Nolan Howard
|
Batting: RHB Gary Chalmers
|
0-0: Fly out, F7 (Flyball, 7LS)
|
Batting: LHB Terrence Eler
|
0-0: Ball 1-0: Ball 2-0: SINGLE (Flyball, 7LS)
|
Batting: LHB Richello Mabait
|
0-0: Called Strike 0-1: Foul Ball, location: 2F 0-2: SINGLE (Flyball, 7S) Terrence Eler to second
|
Batting: LHB Robby Young
|
0-0: Foul Ball, location: 2F 0-1: Ball 1-1: Foul Ball, location: 2F 1-2: Fly out, F7 (Flyball, 78D)
|
Batting: RHB Steve Irwin
|
0-0: Ball 1-0: Called Strike 1-1: Called Strike 1-2: Foul Ball, location: 2F 1-2: Ground out 1-3 (Groundball, 13S)
|
Bottom of the 5th over - 0 runs, 2 hits, 0 errors, 2 left on base; Houston 1 - Sioux Falls 3 |
TOP OF THE 6TH |
Houston BC batting - Pitching for Sioux Falls Red Pandas : RHP José Marroquín
|
Batting: RHB Kenneth Noid
|
0-0: Ball 1-0: Ball 2-0: Ball 3-0: Called Strike 3-1: SINGLE (Groundball, 56S) (infield hit)
|
Batting: RHB Robby Arnold
|
0-0: Ball 1-0: Sac Bunt - play at first, batter OUT! 5-3 Kenneth Noid to second
|
Batting: RHB Sang Hong-Do
|
0-0: Ground out 5-3 (Groundball, 5L)
|
Batting: LHB Rich Watkins
|
0-0: Ball 1-0: Called Strike 1-1: Ball 2-1: Swinging Strike 2-2: DOUBLE (Flyball, 8LXD) Kenneth Noid scores
|
Batting: RHB António López
|
0-0: Called Strike 0-1: Fly out, F9 (Flyball, 9S)
|
Top of the 6th over - 1 run, 2 hits, 0 errors, 1 left on base; Houston 2 - Sioux Falls 3 |
BOTTOM OF THE 6TH |
Sioux Falls Red Pandas batting - Pitching for Houston BC : RHP Nolan Howard
|
Batting: SHB Kilipaki Malamapono
|
0-0: Called Strike 0-1: Ball 1-1: Ball 2-1: Ball 3-1: Base on Balls
|
Batting: RHB Wilfred McLaughlin
|
0-0: Called Strike 0-1: Grounds into double play, 1-6-3 (Groundball, 13)
|
Batting: LHB Mo-ruo Teoh
|
0-0: Ball 1-0: Foul Ball, location: 2F 1-1: Swinging Strike 1-2: Ball 2-2: Foul Ball, location: 2F 2-2: Strikes out swinging
|
Bottom of the 6th over - 0 runs, 0 hits, 0 errors, 0 left on base; Houston 2 - Sioux Falls 3 |
TOP OF THE 7TH |
Houston BC batting - Pitching for Sioux Falls Red Pandas : RHP José Marroquín
|
Batting: RHB Jud Regan
|
0-0: Swinging Strike 0-1: Foul Ball, location: 2F 0-2: Strikes out looking
|
Batting: RHB Alfredo Mojica
|
0-0: Ball 1-0: Ball 2-0: Foul Ball, location: 2F 2-1: Fly out, F4 (Popup, 4)
|
Batting: RHB Orlando Montejo
|
0-0: Called Strike 0-1: Called Strike 0-2: Ball 1-2: Ground out 4-3 (Groundball, 4)
|
Top of the 7th over - 0 runs, 0 hits, 0 errors, 0 left on base; Houston 2 - Sioux Falls 3 |
BOTTOM OF THE 7TH |
Sioux Falls Red Pandas batting - Pitching for Houston BC : RHP Nolan Howard
|
Batting: LHB Tim Waters
|
0-0: Ball 1-0: Swinging Strike 1-1: Ball 2-1: Ball 3-1: Base on Balls
|
Batting: RHB Gary Chalmers
|
0-0: Called Strike 0-1: Foul Ball, location: 2F 0-2: Ball 1-2: SINGLE (Groundball, 34) (infield hit) Tim Waters to second
|
Batting: LHB Terrence Eler
|
0-0: Ball 1-0: Called Strike 1-1: Ball 2-1: Called Strike 2-2: Foul Ball, location: 2F 2-2: Strikes out swinging
|
Pitching: LHP Ramón Negrón
|
|
Batting: LHB Richello Mabait
|
0-0: Called Strike 0-1: Called Strike 0-2: Ball Wild Pitch! Tim Waters to third Gary Chalmers to second 1-2: Ball 2-2: Ball 3-2: Intentional Walk
|
Pinch Hitting: RHB Barrett Drury
|
0-0: Foul Ball, location: 2F 0-1: Ball 1-1: Ball 2-1: Ball 3-1: Foul Ball, location: 2F 3-2: Base on Balls Tim Waters scores Gary Chalmers to third Richello Mabait to second
|
Batting: RHB Steve Irwin
|
0-0: Foul Ball, location: 2F 0-1: Ball 1-1: Ball 2-1: Grounds into double play, 6-2-3 (Groundball, 6M)
|
Bottom of the 7th over - 1 run, 1 hit, 0 errors, 2 left on base; Houston 2 - Sioux Falls 4 |
TOP OF THE 8TH |
Houston BC batting - Pitching for Sioux Falls Red Pandas : RHP José Marroquín
|
Pitching: LHP Charles Dobson
|
|
Now in RF: Darrell Terwey
|
|
Batting: RHB Alba Hidalgo de Jesus
|
0-0: Foul Ball, location: 2F 0-1: Called Strike 0-2: Strikes out looking
|
Batting: RHB Kenneth Noid
|
0-0: Ball 1-0: Called Strike 1-1: Called Strike 1-2: Strikes out looking
|
Batting: RHB Robby Arnold
|
0-0: Called Strike 0-1: Ground out 4-3 (Groundball, 4)
|
Top of the 8th over - 0 runs, 0 hits, 0 errors, 0 left on base; Houston 2 - Sioux Falls 4 |
BOTTOM OF THE 8TH |
Sioux Falls Red Pandas batting - Pitching for Houston BC : LHP Ramón Negrón
|
Batting: SHB Kilipaki Malamapono
|
0-0: Ball 1-0: Ball 2-0: Ball 3-0: Base on Balls
|
Batting: RHB Wilfred McLaughlin
|
0-0: Ball 1-0: Called Strike 1-1: Ball 2-1: Ball 3-1: Base on Balls Kilipaki Malamapono to second
|
Batting: LHB Mo-ruo Teoh
|
0-0: Ball 1-0: Swinging Strike 1-1: Ball 2-1: Foul Ball, location: 2F 2-2: Foul Ball, location: 2F 2-2: Strikes out looking
|
Batting: LHB Tim Waters
|
0-0: Called Strike Kilipaki Malamapono steals 3rd base Wilfred McLaughlin to second 0-1: Foul Ball, location: 2F 0-2: Ball 1-2: Ball 2-2: Strikes out swinging
|
Batting: RHB Gary Chalmers
|
0-0: Ball 1-0: Ball 2-0: Called Strike 2-1: Swinging Strike 2-2: Fly out, F6 (Line Drive, 6)
|
Bottom of the 8th over - 0 runs, 0 hits, 0 errors, 2 left on base; Houston 2 - Sioux Falls 4 |
TOP OF THE 9TH |
Houston BC batting - Pitching for Sioux Falls Red Pandas : LHP Charles Dobson
|
Pitching: RHP Víctor García
|
|
Batting: RHB Sang Hong-Do
|
0-0: Called Strike 0-1: Ball 1-1: Ball 2-1: Swinging Strike 2-2: Ball 3-2: Strikes out swinging
|
Batting: LHB Rich Watkins
|
0-0: Swinging Strike 0-1: Ball 1-1: Ball 2-1: Ball 3-1: Foul Ball, location: 2F 3-2: Base on Balls
|
Batting: RHB António López
|
0-0: SINGLE (Line Drive, 89S) Rich Watkins to second
|
Batting: RHB Jud Regan
|
0-0: Called Strike 0-1: SINGLE (Groundball, 4D) Rich Watkins to third António López to second
|
Batting: RHB Alfredo Mojica
|
0-0: Called Strike 0-1: Ball 1-1: Foul Ball, location: 2F 1-2: Grounds into double play, 1-2-3 (Groundball, 15S)
|
Top of the 9th over - 0 runs, 2 hits, 0 errors, 2 left on base; Houston 2 - Sioux Falls 4 |
|